 Dungeon Crawl Stone Soup version 0.19.0-2-gae57169 (webtiles) character file.

9765 Chiseanne the Nimble (level 11, 0/80 HPs)
             Began as a High Elf Artificer on Nov 5, 2016.
             Was an Initiate of Gozag.
             Slain by a wight
             ... wielding a +5 halberd
              (12 damage)
             ... on level 10 of the Dungeon.
             The game lasted 00:48:45 (15834 turns).

Chiseanne the Nimble (High Elf Artificer)          Turns: 15834, Time: 00:48:45

Health: 0/80       AC: 15    Str: 18    XL:     11   Next: 27%
Magic:  19/19      EV: 18    Int: 19    God:    Gozag
Gold:   586        SH:  0    Dex: 19    Spells: 0 memorised, 10 levels left

rFire  + . .     SeeInvis .     s - +5 rapier of the Hundredfold Dances {protect, rElec Int+2}
rCold  . . .     Gourm    .     m - +0 ring mail {rF+}
rNeg   . . .     Faith    .     (no shield)
rPois  .         Spirit   .     (no helmet)
rElec  +         Reflect  .     A - +0 cloak {+Inv}
rCorr  .         Harm     +     (no gloves)
MR     +....                    (no boots)
Stlth  +.........               O - amulet of harm
                                x - +4 ring of dexterity
                                S - +4 ring of strength

@: protection aura
A: no striking features
a: Potion Petition, Call Merchant, Bribe Branch, Renounce Religion, Evoke
Invisibility


You were on level 10 of the Dungeon.
You worshipped Gozag.
Gozag was pleased with you.
You were not hungry.

You visited 2 branches of the dungeon, and saw 11 of its levels.
You also visited: Sewer.

You collected 1597 gold pieces.
You spent 216 gold pieces at shops.
You paid 795 gold pieces to Gozag.

Inventory:

Hand Weapons
 a - a +2 dagger of venom
 e - a +0 hunting sling of venom
 s - the +5 rapier of the Hundredfold Dances (weapon) {protect, rElec Int+2}
   (You bought it in a shop on level 10 of the Dungeon)

   It protects the one who uses it against injury (+AC on strike).
   It affects your intelligence (+2).
   It insulates you from electricity.
 w - a +0 blowgun
Missiles
 g - 326 stones
 n - a throwing net
 o - 58 poisoned needles
 r - 56 arrows
 v - 27 sling bullets
 N - 4 tomahawks (quivered)
Armour
 c - a +0 buckler
 m - a +0 ring mail of fire resistance (worn)
 A - a +0 cloak of invisibility (worn)
 D - a +0 ring mail of magic resistance
Magical Staves
 B - an uncursed staff of energy
Jewellery
 t - an uncursed ring of resist corrosion
 x - a +4 ring of dexterity (right hand)
 y - an uncursed ring of magical power
 H - an uncursed ring of protection from cold
 O - an amulet of harm (around neck)
 S - a +4 ring of strength (left hand)
Wands
 l - a wand of enslavement (0/24)
 z - a wand of enslavement (0/24)
 M - a wand of confusion (0/48)
Scrolls
 d - a scroll of immolation
 i - 4 scrolls of blinking
 j - a scroll of teleportation
 u - 2 scrolls of remove curse
 F - a scroll of amnesia
 J - a scroll of fear
 V - a scroll of identify
Potions
 b - a potion of berserk rage
 h - a potion of heal wounds
 k - 3 potions of magic
 p - a potion of agility
 E - a potion of cancellation {unknown}
 I - 2 potions of brilliance
 K - 2 potions of curing {unknown}
 P - a potion of degeneration {unknown}
 Q - a potion of mutation {unknown}
 T - 2 potions of flight {unknown}
 U - a potion of lignification {unknown}
Books
 G - a book of Necromancy

   Spells                             Type                      Level
   a - Pain                           Necromancy                   1
   b - Animate Skeleton               Necromancy                   1
   c - Vampiric Draining              Necromancy                   3
   d - Regeneration                   Charms/Necromancy            3
   e - Animate Dead                   Necromancy                   4
   f - Control Undead                 Necromancy                   4
Comestibles
 f - 9 bread rations
 C - 7 meat rations


   Skills:
 * Level 9.2 Fighting
 - Level 1.2 Short Blades
 * Level 8.1 Armour
 * Level 9.9 Dodging
 - Level 1.1 Stealth
 * Level 9.4 Evocations


You had 10 spell levels left.
You didn't know any spells.

Dungeon Overview and Level Annotations

Branches:
Dungeon (10/15)            Temple (1/1) D:7            Lair (0/6) D:10
    Orc: D:9-12

Altars:
Cheibriados
Gozag
Hepliaklqana
Kikubaaqudgha
Trog
Uskayaw
Xom
Zin

Shops:
D:9 ?   D:10 (


Message History

The troll is lightly wounded.
The wight barely misses you. The troll misses you. The troll barely misses you.
The troll claws you!
Wield which item (- for none, * to show all)? (? for menu, Esc to quit)
Your +2 dagger of venom stops dripping with poison.
The +5 rapier of the Hundredfold Dances {protect, rElec Int+2} hums with potential!
s - the +5 rapier of the Hundredfold Dances (weapon)
{protect, rElec Int+2} The troll barely misses you.
The troll claws you! The troll completely misses you.
The wight hits you but does no damage.
You puncture the troll!
Your weapon exudes an aura of protection.
The troll is moderately wounded.
The troll bites you!
* * * LOW HITPOINT WARNING * * *
The troll claws you!
* * * LOW HITPOINT WARNING * * *
The troll claws you but does no damage.
The wight hits you from afar with an enchanted halberd!
You die...
Your body crumbles into a pile of gold.

........P.# #...######...#
....P.....# #...# #...#
......P...♣######...# #...#
...♣................######...####
.♣.>.P....zT.=...................
P...P......#####z...>........####
.........P.# #z#######≈≈≈≈≈≈≈≈≈
.....♣.P..## #T# #≈#######≈
.♣.......z######@#######≈#.....#≈
.........................'.....#≈
.........................'...[.#≈
.......................#.).....#≈
............##########.#≈#.....#≈
............##########).≈#######≈
...............)....)...≈≈≈≈≈≈≈≈≈
.............)..>..############..
####..############.# #..


You could see a troll and 2 wights.

Vanquished Creatures
  3 hill giants (D:10)
  A two-headed ogre (D:8)
  A troll (D:9)
  Prince Ribbit (D:8)
  2 hippogriffs
  A spriggan (D:7)
  2 wyverns
  5 yaks
  Menkaure (D:6)
  Edmund (D:5)
  A water moccasin (D:10)
  4 orc warriors
  Duvessa (D:6)
  5 sky beasts
  The ghost of barbarian the Covered, an amateur MiFi (D:4)
  An ice beast (D:8)
  2 ogres
  A phantom (D:9)
  3 crocodiles
  Blork the orc (D:6)
  2 big kobolds
  8 bullfrogs
  7 orc priests
  Dowan (D:6)
  A water moccasin zombie (D:10)
  A scorpion (D:10)
  A water moccasin skeleton (D:9)
  9 killer bees
  9 wights
  A howler monkey (D:4)
  2 crimson imps (D:7)
  A jelly (D:7)
  3 bullfrog skeletons
  3 centaur skeletons
  3 hounds
  17 orc wizards
  Crazy Yiuf (D:4)
  3 worker ants
  A hound skeleton (D:10)
  A worker ant zombie (D:10)
  10 gnolls
  19 adders
  2 river rats (D:10)
  2 shadow imps
  An adder skeleton (D:4)
  3 worms
  A dart slug (D:2)
  8 leopard geckos
  48 orcs
  6 giant cockroaches
  8 goblins
  7 hobgoblins
  30 jackals
  6 quokkas
  2 ball pythons
  5 bats
  10 frilled lizards
  27 kobolds
  6 rats
  A fungus (D:4)
315 creatures vanquished.

Vanquished Creatures (collateral kills)
  5 yaks (D:10)
  2 porcupines (D:10)
  2 crocodiles (D:10)
  A bullfrog (D:10)
  A jelly (D:9)
  3 orc wizards
  A centaur skeleton (D:9)
  An orc priest (D:8)
  A worker ant (D:9)
  2 river rats (D:10)
  5 orcs
24 creatures vanquished.

Vanquished Creatures (others)
  A porcupine (D:10)
  A yak (D:10)
  A basilisk (D:10)
  A bullfrog (D:8)
  A hound (D:9)
  A gnoll (D:2)
  2 orcs (D:10)
  A plant (D:10)
9 creatures vanquished.

Grand Total: 348 creatures vanquished

Notes
Turn   | Place    | Note
-------+----------+-------------------------------------------
     0 | D:1      | Chiseanne the High Elf Artificer began the quest for the Orb.
     0 | D:1      | Reached XP level 1. HP: 13/13 MP: 4/4
   420 | D:1      | Reached XP level 2. HP: 16/18 MP: 5/5
  1109 | D:2      | Reached XP level 3. HP: 7/24 MP: 6/6
  1639 | D:2      | Reached skill level 1 in Armour
  1771 | D:2      | Reached XP level 4. HP: 23/30 MP: 7/7
  2867 | D:3      | Reached XP level 5. HP: 21/35 MP: 9/9
  2893 | D:3      | Found a glowing drain.
  2897 | Sewer    | Entered a sewer
  4128 | D:3      | Reached XP level 6. HP: 42/42 MP: 10/10
  4877 | D:4      | Noticed barbarian's ghost (amateur MiFi)
  4916 | D:4      | Killed barbarian's ghost
  4916 | D:4      | Reached XP level 7. HP: 36/47 MP: 11/11
  5205 | D:4      | Reached skill level 5 in Evocations
  5915 | D:4      | Found a runed door.
  5919 | D:4      | Noticed Crazy Yiuf
  5929 | D:4      | Killed Crazy Yiuf
  5929 | D:4      | Reached skill level 5 in Dodging
  5961 | D:5      | Entered Level 5 of the Dungeon
  5987 | D:5      | Noticed Edmund
  6012 | D:5      | Killed Edmund
  6294 | D:5      | Reached XP level 8. HP: 41/54 MP: 11/13
  6936 | D:6      | Reached skill level 5 in Fighting
  7068 | D:6      | Noticed Duvessa
  7069 | D:6      | Noticed Dowan
  7080 | D:6      | Killed Duvessa
  7083 | D:6      | Killed Dowan
  7398 | D:6      | Noticed Menkaure
  7424 | D:6      | Killed Menkaure
  7845 | D:6      | Noticed Blork the orc
  7870 | D:6      | Killed Blork the orc
  7870 | D:6      | Reached skill level 5 in Armour
  8050 | D:6      | Reached XP level 9. HP: 54/62 MP: 14/14
  8416 | D:6      | Noticed a white ugly thing
  9226 | D:7      | Found a staircase to the Ecumenical Temple.
  9241 | Temple   | Entered the Ecumenical Temple
  9249 | Temple   | Became a worshipper of Gozag Ym Sagoz the Greedy
  9909 | D:7      | Found a hide-covered altar of Uskayaw.
 10391 | D:8      | Noticed Prince Ribbit
 10405 | D:8      | HP: 1/64 [Prince Ribbit (20)]
 10410 | D:8      | Killed Prince Ribbit
 10970 | D:8      | Reached XP level 10. HP: 14/71 MP: 16/16
 12053 | D:9      | Found a shimmering altar of Xom.
 12181 | D:9      | Found a glowing silver altar of Zin.
 12181 | D:9      | Found a glowing silver altar of Zin.
 12183 | D:9      | Found a shimmering altar of Xom.
 12183 | D:9      | Found a sparkling altar of Nemelex Xobeh.
 12183 | D:9      | Found a bloodstained altar of Trog.
 13352 | D:10     | Entered Level 10 of the Dungeon
 13602 | D:10     | Found a staircase to the Lair.
 13762 | D:10     | Noticed a hill giant
 13785 | D:10     | Killed a hill giant
 14105 | D:10     | Noticed a hill giant
 14123 | D:10     | Killed a hill giant
 14123 | D:10     | Reached XP level 11. HP: 54/78 MP: 18/18
 14229 | D:10     | Found Wualuach's Antique Weapon Boutique.
 14232 | D:10     | Bought a dazzling rapier for 216 gold pieces
 14238 | D:10     | Identified the +5 rapier of the Hundredfold Dances {protect, rElec Int+2} (You bought it in a shop on level 10 of the Dungeon)
 14457 | D:10     | Noticed a hill giant
 14485 | D:10     | Killed a hill giant
 15116 | D:10     | Noticed a tengu warrior
 15834 | D:10     | Slain by a wight

Skill      XL: |  1  2  3  4  5  6  7  8  9 10 11 |
---------------+----------------------------------+-----
Fighting       | 2 3 4 6 7 8 9 |  9.2
Armour         | 1 2 3 5 6 7 8 |  8.1
Dodging        | 3 4 5 6 8 9 |  9.9
Evocations     | 4 5 6 7 9 |  9.4
Short Blades   | |  1.2
Stealth        | |  1.1

Action                   |  1- 3 |  4- 6 |  7- 9 | 10-12 || total
-------------------------+-------+-------+-------+-------++-------
Melee: Short sword       |   149 |    24 |       |       ||   173
       Hand axe          |       |   153 |       |       ||   153
       Dagger            |       |   162 |   405 |   246 ||   813
       Flail             |       |    23 |    15 |       ||    38
       Quarterstaff      |       |       |   127 |    64 ||   191
       Rapier            |       |       |       |    99 ||    99
 Fire: Blowgun           |       |     4 |       |     2 ||     6
Throw: Tomahawk          |       |       |       |     5 ||     5
       Stone             |       |       |       |     2 ||     2
Invok: Call Merchant     |       |       |       |     1 ||     1
Evoke: Wand              |     6 |     7 |    33 |    31 ||    77
  Use: Scroll            |       |    12 |     5 |     5 ||    22
       Potion            |       |       |     2 |       ||     2
 Stab: Sleeping          |       |     2 |       |     1 ||     3
       Confused          |       |       |     2 |     7 ||     9
       Distracted        |       |       |     2 |     1 ||     3
       Paralysed         |       |       |     2 |       ||     2
  Eat: Chunk             |     3 |    11 |    14 |       ||    28
       Fruit             |       |       |     6 |     2 ||     8
       Royal jelly       |       |       |     1 |     1 ||     2
       Beef jerky        |       |       |       |     4 ||     4
       Pizza             |       |       |       |     1 ||     1
       Bread ration      |       |       |       |     1 ||     1
Armor: Ring mail         |    64 |   133 |   116 |    77 ||   390
Dodge: Dodged            |    97 |   231 |   351 |   314 ||   993
